 Dungeon Crawl Stone Soup version 0.20.0-8-g6b59dc7 (webtiles) character file.

221 Chiseanne the Magician (level 5, -1/37 HPs)
             Began as a Demonspawn Wizard on June 1, 2017.
             Slain by an ogre
             ... wielding a +0 giant club
              (18 damage)
             ... on level 5 of the Dungeon.
             The game lasted 00:08:21 (4281 turns).

Chiseanne the Magician (Demonspawn Wizard)          Turns: 4281, Time: 00:08:21

Health: -1/37      AC:  7    Str:  8    XL:     5   Next: 65%
Magic:  6/11       EV: 10    Int: 20    God:
Gold:   178        SH:  4    Dex: 11    Spells: 3/12 levels left

rFire    . . .     SeeInvis +   a - +3 hand axe
rCold    + . .     Gourm    .   (no shield)
rNeg     . . .     Faith    .   m - +0 ring mail
rPois    .         Spirit   .   p - +2 hat {SInv}
rElec    .         Reflect  .   (no cloak)
rCorr    .         Harm     .   (no gloves)
MR       .....                  (no boots)
Stlth    +.........             (no amulet)
Regen    0.2/turn               j - ring of wizardry
MPRegen  0.2/turn               u - ring of protection from cold

@: lethally poisoned (-1 -> -4)
A: talons 1, large bone plates 1, spiny 1
a: no special abilities


You were on level 5 of the Dungeon.
You were not hungry.

You visited 1 branch of the dungeon, and saw 5 of its levels.

You collected 178 gold pieces.

Inventory:

Hand Weapons
 a - a +3 hand axe (weapon)
Missiles
 g - 102 stones (quivered)
 l - 14 sling bullets
 o - 18 arrows
 t - 2 tomahawks
 w - 18 poisoned needles
Armour
 m - a +0 ring mail (worn)
 p - a +2 hat of see invisible (worn)
Jewellery
 j - a ring of wizardry (left hand)
 u - a ring of protection from cold (right hand)
Wands
 r - a wand of lightning (10/15)
 A - a wand of paralysis (13/24)
Scrolls
 h - a scroll of amnesia
 k - 3 scrolls of remove curse
 q - a scroll of teleportation
 y - a scroll of fear
Potions
 b - 2 potions of mutation {unknown}
 c - 3 potions of curing {unknown}
 e - a potion of flight {unknown}
 f - 2 potions of agility {unknown}
 i - a potion of ambrosia {unknown}
 s - 3 potions of berserk rage {unknown}
 z - a potion of lignification {unknown}
Comestibles
 d - 4 bread rations
 n - 5 fruits
 v - a royal jelly
 x - a chunk of flesh


   Skills:
 * Level 1.2 Fighting
 * Level 0.8 Axes
 * Level 1.0 Armour
 * Level 2.0 Dodging
 - Level 1.7 Stealth
 - Level 4.3 Spellcasting
 - Level 3.5 Conjurations
   Level 1.0 Summonings
 - Level 0.8 Translocations


You had 3 spell levels left.
You knew the following spells:

 Your Spells              Type           Power        Failure   Level  Hunger
a - Magic Dart            Conj           ###.         3%          1    None
b - Blink                 Tloc           N/A          16%         2    #......
c - Conjure Flame         Conj/Fire      ##......     22%         3    ###....
d - Mephitic Cloud        Conj/Pois/Air  #.......     28%         3    ###....


Dungeon Overview and Level Annotations

Branches:
Dungeon (5/15)
 Temple: D:4-7

Altars:
Ashenzari
Dithmenos
Qazlal
Xom

Annotations:
D:4 RKaid's ghost, amateur OpEE


Innate Abilities, Weirdness & Mutations

You have sharp toenails.
You are partially covered in large bone plates. (SH +4)
You are partially covered in sharp spines.


Message History

Press: ? - help, Shift-Dir - straight line, f/p - ogre
Aim: an ogre, wielding a giant club (lightly wounded)
The magic dart hits the ogre.
The ogre is moderately wounded.
Casting: Magic Dart
Confirm with . or Enter, or press ? or * to list all spells.
Aiming: Magic Dart
Press: ? - help, Shift-Dir - straight line, f/p - ogre
Aim: an ogre, wielding a giant club (moderately wounded)
The magic dart hits the ogre.
The ogre is heavily wounded.
You feel sick. The ogre barely misses you.
You barely miss the ogre.
The ogre is heavily wounded.
The ogre is struck by your spines. The ogre hits you with a giant club!
You hit the ogre. You claw the ogre, but do no damage.
The ogre is severely wounded.
You feel sick. The ogre is struck by your spines.
The ogre hits you with a giant club!!
You die...

#.# #.# .# #.# ##.###
####.# ..... ..##.# ..
##)#### #.##.# #...
......##### #.##.##.....
.#.##.#...#####.##..:.....
......+...'.....@O......##
......#...#####.####....#
##'##.........#.# a...#
#......######.#.# ....#
#...#....### .#.# .....
#...####...##.#.## ....
##÷##.⌠#.......... ....
.......#....#+#+###
......#####........


You could see an ogre.

Vanquished Creatures
  A hound (D:4)
  An orc wizard (D:3)
  A worker ant (D:5)
  A hound skeleton (D:4)
  4 adders
  2 dart slugs
  2 leopard geckos (D:3)
  11 orcs
  2 giant cockroaches
  7 goblins
  10 hobgoblins
  2 jackals (D:3)
  12 kobolds
  A ball python (D:3)
  10 bats
  4 frilled lizards
  10 rats
81 creatures vanquished.

Notes
Turn   | Place    | Note
-------+----------+-------------------------------------------
     0 | D:1      | Chiseanne the Demonspawn Wizard began the quest for the Orb.
     0 | D:1      | Reached XP level 1. HP: 13/13 MP: 4/4
   415 | D:1      | Gained mutation: You are partially covered in large bone plates. (SH +4) [demonic ancestry]
   415 | D:1      | Reached XP level 2. HP: 11/19 MP: 1/6
  1476 | D:1      | Gained mutation: You are partially covered in sharp spines. [demonic ancestry]
  1476 | D:1      | Reached XP level 3. HP: 24/24 MP: 5/7
  2325 | D:2      | Reached XP level 4. HP: 30/30 MP: 7/9
  2638 | D:3      | Found a shadowy altar of Dithmenos.
  2641 | D:3      | Reached skill level 4 in Spellcasting
  2734 | D:3      | Learned a level 2 spell: Blink
  2738 | D:3      | Learned a level 3 spell: Conjure Flame
  2742 | D:3      | Learned a level 3 spell: Mephitic Cloud
  2773 | D:3      | Found a shimmering altar of Xom.
  3367 | D:3      | Gained mutation: You have sharp toenails. [demonic ancestry]
  3367 | D:3      | Reached XP level 5. HP: 29/35 MP: 2/11
  3825 | D:4      | Found a stormy altar of Qazlal.
  4105 | D:4      | Reached skill level 1 in Fighting
  4151 | D:4      | Noticed RKaid's ghost (amateur OpEE)
  4170 | D:5      | Entered Level 5 of the Dungeon
  4182 | D:5      | Found a shattered altar of Ashenzari.
  4266 | D:5      | Noticed an ogre
  4277 | D:5      | Reached skill level 1 in Armour
  4281 | D:5      | Slain by an ogre

Skill      XL: |  1  2  3  4  5 |
---------------+----------------+-----
Conjurations   | 2 3 |  3.5
Spellcasting   | 4 |  4.3
Dodging        | 2 |  2.0
Fighting       | 1 |  1.2
Armour         | 1 |  1.0
Axes           | |  0.8
Stealth        | |  1.7
Summonings     | |  1.0
Translocations | |  0.8

Action                   |  1- 3 |  4- 6 || total
-------------------------+-------+-------++-------
Melee: Short sword       |    36 |       ||    36
       Rapier            |       |     7 ||     7
       Hand axe          |       |    10 ||    10
       Kick              |       |     3 ||     3
 Cast: Magic Dart        |   105 |    94 ||   199
       Mephitic Cloud    |       |     2 ||     2
  Use: Scroll            |       |    10 ||    10
  Eat: Chunk             |     4 |     6 ||    10
Armor: Robe              |     7 |     1 ||     8
       Ring mail         |       |     1 ||     1
Dodge: Dodged            |    37 |    21 ||    58
Block: Other             |     5 |     9 ||    14
